| TOP OF THE 1ST |
|
Chicago Cubs batting - Pitching for Colorado Rockies : LHP Cooper Bate
|
|
Pitching: LHP Cooper Bate
|
|
|
Batting: RHB Yasuhide Kasahara
|
0-0: Ground out 4-3 (Groundball, 4, EV 96.3 MPH)
|
|
Batting: LHB Kevin Norton
|
0-0: Foul Ball, location: 2F 0-1: Foul Ball, location: 2F 0-2: SINGLE (Line Drive, 78S, EV 105.6 MPH)
|
|
Batting: RHB Efrain Vargas
|
0-0: Ball 1-0: Ball 2-0: Ball 3-0: Base on Balls Kevin Norton to second
|
|
Batting: SHB Terry Tuckfard
|
0-0: Called Strike Kevin Norton is caught stealing 3rd base 2-5 Efrain Vargas to second 0-1: 2-RUN HOME RUN (Flyball, 78XD, EV 110.0 MPH), Distance : 456 ft
|
|
Batting: RHB Kaeo Zirpoli
|
0-0: Ball 1-0: Foul Ball, location: 2F 1-1: Swinging Strike 1-2: Ground out 6-3 (Groundball, 6MS, EV 66.9 MPH)
|
| Top of the 1st over - 2 runs, 2 hits, 0 errors, 0 left on base; Chicago 2 - Colorado 0 |
| BOTTOM OF THE 1ST |
|
Colorado Rockies batting - Pitching for Chicago Cubs : RHP Yeong-kil Suck
|
|
Pitching: RHP Yeong-kil Suck
|
|
|
Batting: SHB Chris Blue
|
0-0: SINGLE (Flyball, 4D, EV 81.9 MPH)
|
|
Batting: RHB Kian-tat Chen
|
0-0: Ball 1-0: SINGLE (Groundball, 5D, EV 100.6 MPH) Chris Blue to second
|
|
Batting: LHB Chris Locklear
|
0-0: Ball Chris Blue steals 3rd base Kian-tat Chen to second 1-0: Ground out 4-3 (Groundball, 4, EV 87.5 MPH) Chris Blue scores Kian-tat Chen to third
|
|
Batting: LHB Jose Robles
|
0-0: Foul Ball, location: 2F 0-1: Ball 1-1: Foul Ball, location: 2F 1-2: Fly out, F4 (Popup, 4S, EV 70.6 MPH)
|
|
Batting: RHB Jason Andrews
|
0-0: Ball 1-0: Fly out, F8 (Line Drive, 8RM, EV 94.4 MPH)
|
| Bottom of the 1st over - 1 run, 2 hits, 0 errors, 1 left on base; Chicago 2 - Colorado 1 |
| TOP OF THE 2ND |
|
Chicago Cubs batting - Pitching for Colorado Rockies : LHP Cooper Bate
|
|
Batting: RHB Elijah Campbell
|
0-0: Called Strike 0-1: Swinging Strike 0-2: Fly out, F9 (Flyball, 9LM, EV 90.0 MPH)
|
|
Batting: SHB Tim Hone
|
0-0: Foul Ball, location: 2F 0-1: Called Strike 0-2: Foul Ball, location: 2F 0-2: Ball 1-2: Strikes out swinging
|
|
Batting: RHB Jamie Ogilvie
|
0-0: Ball 1-0: Called Strike 1-1: Foul Ball, location: 2F 1-2: Strikes out looking
|
| Top of the 2nd over - 0 runs, 0 hits, 0 errors, 0 left on base; Chicago 2 - Colorado 1 |
| BOTTOM OF THE 2ND |
|
Colorado Rockies batting - Pitching for Chicago Cubs : RHP Yeong-kil Suck
|
|
Batting: RHB Sterling Acosta
|
0-0: Ball 1-0: Foul Ball, location: 2F 1-1: Ball 2-1: Foul Ball, location: 2F 2-2: Foul Ball, location: 2F 2-2: Ball 3-2: Strikes out swinging
|
|
Batting: LHB Robert Watson
|
0-0: Foul Ball, location: 2F 0-1: Ball 1-1: Foul Ball, location: 2F 1-2: Foul Ball, location: 2F 1-2: Ball 2-2: Ball 3-2: Strikes out swinging
|
|
Batting: RHB Stephen Charbonneau
|
0-0: Ball 1-0: Ball 2-0: Fly out, F8 (Line Drive, 8RD, EV 90.6 MPH)
|
| Bottom of the 2nd over - 0 runs, 0 hits, 0 errors, 0 left on base; Chicago 2 - Colorado 1 |
| TOP OF THE 3RD |
|
Chicago Cubs batting - Pitching for Colorado Rockies : LHP Cooper Bate
|
|
Batting: SHB Nick Chandler
|
0-0: Ball 1-0: Ground out 4-3 (Groundball, 13, EV 85.6 MPH)
|
|
Batting: RHB Yasuhide Kasahara
|
0-0: Ball 1-0: Ground out 6-3 (Groundball, 6, EV 108.1 MPH)
|
|
Batting: LHB Kevin Norton
|
0-0: Ball 1-0: Swinging Strike 1-1: Fly out, F8 (Flyball, 8RXD, EV 82.5 MPH)
|
| Top of the 3rd over - 0 runs, 0 hits, 0 errors, 0 left on base; Chicago 2 - Colorado 1 |
| BOTTOM OF THE 3RD |
|
Colorado Rockies batting - Pitching for Chicago Cubs : RHP Yeong-kil Suck
|
|
Batting: RHB Justin Williams
|
0-0: Ball 1-0: Called Strike 1-1: Swinging Strike 1-2: Ball 2-2: Foul Ball, location: 2F 2-2: Strikes out swinging
|
|
Batting: SHB Chris Blue
|
0-0: Called Strike 0-1: Ball 1-1: Fly out, F3 (Line Drive, 3, EV 62.5 MPH)
|
|
Batting: RHB Kian-tat Chen
|
0-0: Ball 1-0: DOUBLE (Line Drive, 89D, EV 106.3 MPH)
|
|
Batting: LHB Chris Locklear
|
0-0: Swinging Strike 0-1: Ball 1-1: Foul Ball, location: 2F 1-2: SINGLE (Flyball, 4MD, EV 86.9 MPH) Kian-tat Chen to third Runner from 3rd tries for Home, throw by CF and OUT! 8-2
|
| Bottom of the 3rd over - 0 runs, 2 hits, 0 errors, 1 left on base; Chicago 2 - Colorado 1 |
| TOP OF THE 4TH |
|
Chicago Cubs batting - Pitching for Colorado Rockies : LHP Cooper Bate
|
|
Batting: RHB Efrain Vargas
|
0-0: Foul Ball, location: 2F 0-1: Foul Ball, location: 2F 0-2: Ball 1-2: Ball 2-2: Strikes out swinging
|
|
Batting: SHB Terry Tuckfard
|
0-0: Swinging Strike 0-1: Foul Ball, location: 2F 0-2: Foul Ball, location: 2F 0-2: Foul Ball, location: 2F 0-2: Ball 1-2: SINGLE (Line Drive, 8RS, EV 102.5 MPH)
|
|
Batting: RHB Kaeo Zirpoli
|
0-0: Ball 1-0: Foul Ball, location: 2F 1-1: Ball 2-1: Swinging Strike 2-2: Ball 3-2: Fly out, F7 (Flyball, 7D, EV 86.3 MPH)
|
|
Batting: RHB Elijah Campbell
|
0-0: Ball 1-0: Swinging Strike 1-1: Ball 2-1: Ball 3-1: Foul Ball, location: 2F 3-2: Base on Balls Terry Tuckfard to second
|
|
Batting: SHB Tim Hone
|
0-0: Fielders Choice at 2nd, 6-4 (Groundball, 6, EV 78.8 MPH)
|
| Top of the 4th over - 0 runs, 1 hit, 0 errors, 2 left on base; Chicago 2 - Colorado 1 |
| BOTTOM OF THE 4TH |
|
Colorado Rockies batting - Pitching for Chicago Cubs : RHP Yeong-kil Suck
|
|
Batting: LHB Jose Robles
|
0-0: Ball 1-0: Ball 2-0: Called Strike 2-1: Called Strike 2-2: Ball 3-2: Base on Balls
|
|
Batting: RHB Jason Andrews
|
0-0: Fly out, F8 (Flyball, 8RS, EV 89.4 MPH)
|
|
Batting: RHB Sterling Acosta
|
0-0: Called Strike 0-1: Ball 1-1: Foul Ball, location: 2F 1-2: Foul Ball, location: 2F 1-2: Fly out, F8 (Flyball, 8RD, EV 103.8 MPH)
|
|
Batting: LHB Robert Watson
|
0-0: Called Strike 0-1: Ball 1-1: Swinging Strike 1-2: Ball 2-2: Ball 3-2: Ground out U3 (Groundball, 3S, EV 68.1 MPH)
|
| Bottom of the 4th over - 0 runs, 0 hits, 0 errors, 1 left on base; Chicago 2 - Colorado 1 |
| TOP OF THE 5TH |
|
Chicago Cubs batting - Pitching for Colorado Rockies : LHP Cooper Bate
|
|
Pitching: RHP Victor Walshe
|
|
|
Batting: RHB Jamie Ogilvie
|
0-0: Ball 1-0: Called Strike 1-1: Ball 2-1: Foul Ball, location: 2F 2-2: Ball 3-2: Base on Balls
|
|
Batting: SHB Nick Chandler
|
0-0: Foul Ball, location: 2F 0-1: Ball Jamie Ogilvie steals 2nd base 1-1: Fly out, F5 (Popup, 56, EV 59.4 MPH)
|
|
Batting: RHB Yasuhide Kasahara
|
0-0: Called Strike 0-1: Foul Ball, location: 2F 0-2: Foul Ball, location: 2F 0-2: Foul Ball, location: 2F 0-2: Fly out, F8 (Flyball, 8RM, EV 84.4 MPH)
|
|
Batting: LHB Kevin Norton
|
0-0: Called Strike 0-1: Swinging Strike 0-2: Ball 1-2: Foul Ball, location: 2F 1-2: Foul Ball, location: 2F 1-2: Fly out, F8 (Line Drive, 8RM, EV 93.1 MPH)
|
| Top of the 5th over - 0 runs, 0 hits, 0 errors, 1 left on base; Chicago 2 - Colorado 1 |
| BOTTOM OF THE 5TH |
|
Colorado Rockies batting - Pitching for Chicago Cubs : RHP Yeong-kil Suck
|
|
Pitching: LHP Bill Cooksey
|
|
|
Batting: RHB Stephen Charbonneau
|
0-0: Ball 1-0: Ground out 6-3 (Groundball, 6, EV 90.6 MPH)
|
|
Batting: RHB Justin Williams
|
0-0: Called Strike 0-1: Foul Ball, location: 2F 0-2: Ball 1-2: Foul Ball, location: 2F 1-2: Ball 2-2: Ball 3-2: Strikes out looking
|
|
Batting: SHB Chris Blue
|
0-0: Called Strike 0-1: Ball 1-1: Foul Ball, location: 2F 1-2: Foul Ball, location: 2F 1-2: Strikes out swinging
|
| Bottom of the 5th over - 0 runs, 0 hits, 0 errors, 0 left on base; Chicago 2 - Colorado 1 |
| TOP OF THE 6TH |
|
Chicago Cubs batting - Pitching for Colorado Rockies : RHP Victor Walshe
|
|
Batting: RHB Efrain Vargas
|
0-0: Called Strike 0-1: Fly out, F4 (Popup, 4MS, EV 66.9 MPH)
|
|
Batting: SHB Terry Tuckfard
|
0-0: Ball 1-0: Fly out, F9 (Flyball, 9S, EV 88.1 MPH)
|
|
Batting: RHB Kaeo Zirpoli
|
0-0: Called Strike 0-1: Called Strike 0-2: SINGLE (Groundball, 34D, EV 94.4 MPH)
|
|
Batting: RHB Elijah Campbell
|
0-0: Fly out, F7 (Flyball, 7S, EV 76.3 MPH)
|
| Top of the 6th over - 0 runs, 1 hit, 0 errors, 1 left on base; Chicago 2 - Colorado 1 |
| BOTTOM OF THE 6TH |
|
Colorado Rockies batting - Pitching for Chicago Cubs : LHP Bill Cooksey
|
|
Batting: RHB Kian-tat Chen
|
0-0: Ball 1-0: Called Strike 1-1: Foul Ball, location: 2F 1-2: Fly out, F9 (Flyball, 9LM, EV 89.4 MPH)
|
|
Batting: LHB Chris Locklear
|
0-0: Foul Ball, location: 2F 0-1: Fly out, F8 (Line Drive, 8RM, EV 92.5 MPH)
|
|
Batting: LHB Jose Robles
|
0-0: Called Strike 0-1: Fly out, F7 (Line Drive, 7, EV 86.9 MPH)
|
| Bottom of the 6th over - 0 runs, 0 hits, 0 errors, 0 left on base; Chicago 2 - Colorado 1 |
| TOP OF THE 7TH |
|
Chicago Cubs batting - Pitching for Colorado Rockies : RHP Victor Walshe
|
|
Pitching: RHP Jim Bruley
|
|
|
Batting: SHB Tim Hone
|
0-0: Ball 1-0: Foul Ball, location: 2F 1-1: SINGLE (Line Drive, 4MD, EV 98.1 MPH)
|
|
Batting: RHB Jamie Ogilvie
|
0-0: Bunted foul 0-1: Ball Tim Hone steals 2nd base 1-1: Ball 2-1: Bunt missed! 2-2: Ball 3-2: Foul Ball, location: 2F 3-2: DOUBLE (Flyball, 8RD, EV 78.1 MPH) Tim Hone scores
|
|
Batting: SHB Nick Chandler
|
0-0: Ball 1-0: Ball 2-0: Ball 3-0: Called Strike 3-1: Called Strike 3-2: Strikes out swinging
|
|
Pinch Hitting: RHB Andy Wasierski
|
0-0: Ball 1-0: Ball 2-0: Ball 3-0: Called Strike 3-1: Ground out 3-1 (Groundball, 34, EV 85.0 MPH) Jamie Ogilvie to third
|
|
Pinch Hitting: LHB Barend van der Kamp
|
0-0: Ball 1-0: Called Strike 1-1: Foul Ball, location: 2F 1-2: Ball 2-2: Ball 3-2: SINGLE (Groundball, 4MD, EV 103.1 MPH) Jamie Ogilvie scores
|
|
Pinch Hitting: SHB Gerardo Flores
|
0-0: Foul Ball, location: 2F 0-1: Ball 1-1: Fly out, F7 (Line Drive, 7, EV 92.5 MPH)
|
| Top of the 7th over - 2 runs, 3 hits, 0 errors, 1 left on base; Chicago 4 - Colorado 1 |
| BOTTOM OF THE 7TH |
|
Colorado Rockies batting - Pitching for Chicago Cubs : LHP Bill Cooksey
|
|
Pitching: RHP Nate Jackson
|
|
|
Now at 1B: Steve Bui
|
|
|
Now at SS: Andy Wasierski
|
|
|
Now in RF: Barend van der Kamp
|
|
|
Batting: RHB Jason Andrews
|
0-0: Called Strike 0-1: Foul Ball, location: 2F 0-2: Ball 1-2: Ball 2-2: SOLO HOME RUN (Flyball, 7D, EV 106.3 MPH), Distance : 417 ft
|
|
Batting: RHB Sterling Acosta
|
0-0: Called Strike 0-1: Foul Ball, location: 2F 0-2: Ball 1-2: Strikes out swinging
|
|
Batting: LHB Robert Watson
|
0-0: Called Strike 0-1: Ball 1-1: Foul Ball, location: 2F 1-2: Ball 2-2: SINGLE (Groundball, 4S, EV 69.4 MPH) (infield hit)
|
|
Batting: RHB Stephen Charbonneau
|
0-0: Ball 1-0: Ball 2-0: Swinging Strike 2-1: Called Strike 2-2: Grounds into double play, 5-4-3 (Groundball, 15, EV 81.9 MPH)
|
| Bottom of the 7th over - 1 run, 2 hits, 0 errors, 0 left on base; Chicago 4 - Colorado 2 |
| TOP OF THE 8TH |
|
Chicago Cubs batting - Pitching for Colorado Rockies : RHP Jim Bruley
|
|
Pitching: RHP Travis Porter
|
|
|
Batting: SHB Terry Tuckfard
|
0-0: SINGLE (Flyball, 9LS, EV 97.5 MPH)
|
|
Pinch Hitting: SHB Seung-ho Zhang
|
0-0: Fielders Choice at 2nd, 1-6 (Groundball, 13, EV 72.5 MPH)
|
|
Batting: RHB Josh Kalman
|
0-0: Ball 1-0: Grounds into double play, 1-6-3 (Groundball, 13, EV 63.8 MPH)
|
| Top of the 8th over - 0 runs, 1 hit, 0 errors, 0 left on base; Chicago 4 - Colorado 2 |
| BOTTOM OF THE 8TH |
|
Colorado Rockies batting - Pitching for Chicago Cubs : RHP Nate Jackson
|
|
Now in CF: Seung-ho Zhang
|
|
|
Batting: RHB Justin Williams
|
0-0: Ball 1-0: Swinging Strike 1-1: Fly out, F7 (Flyball, 7LM, EV 76.3 MPH)
|
|
Batting: SHB Chris Blue
|
0-0: Called Strike 0-1: Ball 1-1: Ball 2-1: SINGLE (Line Drive, 78M, EV 95.0 MPH)
|
|
Batting: RHB Kian-tat Chen
|
0-0: Ball 1-0: Ball 2-0: Foul Ball, location: 2F 2-1: Foul Ball, location: 2F 2-2: Fly out, F8 (Flyball, 8RD, EV 84.4 MPH)
|
|
Batting: LHB Chris Locklear
|
0-0: Ball 1-0: Ball 2-0: Fly out, F9 (Flyball, 9LM, EV 89.4 MPH)
|
| Bottom of the 8th over - 0 runs, 1 hit, 0 errors, 1 left on base; Chicago 4 - Colorado 2 |
| TOP OF THE 9TH |
|
Chicago Cubs batting - Pitching for Colorado Rockies : RHP Travis Porter
|
|
Pinch Hitting: LHB Paul Perry
|
0-0: Called Strike 0-1: Ball 1-1: Ball 2-1: Foul Ball, location: 2F 2-2: Strikes out swinging
|
|
Pinch Hitting: RHB Shintaro Katsumata
|
0-0: DOUBLE (Line Drive, 78D, EV 106.9 MPH)
|
|
Pinch Hitting: RHB Will Leslie
|
0-0: Intentional Walk
|
|
Batting: RHB Andy Wasierski
|
0-0: Ball 1-0: Ball 2-0: Ground out U3 (Groundball, 3S, EV 66.9 MPH) Shintaro Katsumata to third Will Leslie to second
|
|
Batting: LHB Barend van der Kamp
|
0-0: Called Strike 0-1: Foul Ball, location: 2F 0-2: Ball 1-2: Ball 2-2: Strikes out looking
|
| Top of the 9th over - 0 runs, 1 hit, 0 errors, 2 left on base; Chicago 4 - Colorado 2 |
| BOTTOM OF THE 9TH |
|
Colorado Rockies batting - Pitching for Chicago Cubs : RHP Nate Jackson
|
|
Pitching: LHP George Poirier
|
|
|
Now at 2B: Shintaro Katsumata
|
|
|
Now at 3B: Will Leslie
|
|
|
Now in LF: Paul Perry
|
|
|
Batting: RHB Chad Thompson
|
0-0: Foul Ball, location: 2F 0-1: Ball 1-1: Ball 2-1: Ball 3-1: SINGLE (Groundball, 4M, EV 103.1 MPH) (infield hit)
|
|
Pinch Hitting: RHB Roberto Rodriguez
|
0-0: Called Strike 0-1: Ball 1-1: Swinging Strike 1-2: Ball 2-2: Ball 3-2: Strikes out swinging
|
|
Pinch Hitting: SHB Jon Munoz
|
0-0: Called Strike 0-1: Foul Ball, location: 2F 0-2: Fly out, F9 (Flyball, 9S, EV 81.3 MPH)
|
|
Batting: LHB Robert Watson
|
0-0: Called Strike 0-1: Ball 1-1: Ball Pickoff Throw by Catcher to First - Out!
|
| Bottom of the 9th over - 0 runs, 1 hit, 0 errors, 0 left on base; Chicago 4 - Colorado 2 |
|